 Dungeon Crawl Stone Soup version 0.26.1-11-gd32895ea62 (webtiles) character file.

Game seed: 11991493003352417355

3164 SunnyBump the Slasher (level 9, -16/69 HPs)
             Began as a Demonspawn Berserker on June 17, 2021.
             Was an Elder of Trog.
             Killed from afar by Erolcha (22 damage)
             ... with a crystal spear
             ... on level 9 of the Dungeon on June 18, 2021.
             The game lasted 00:33:39 (10128 turns).

SunnyBump the Slasher (Demonspawn Berserker)       Turns: 10128, Time: 00:33:40

Health: -16/69     AC: 15    Str: 20    XL:     9   Next: 63%
Magic:  0/9        EV:  8    Int:  5    God:    Trog [****..]
Gold:   397        SH:  0    Dex: 13    Spells: 8/8 levels left

rFire    . . .     SeeInvis .   z - +0 flail
rCold    . . .     Faith    .   (no shield)
rNeg     . . .     Spirit   +   q - +1 plate armour
rPois    .         Reflect  .   (helmet unavailable)
rElec    .         Harm     .   (no cloak)
rCorr    .         Rampage  .   A - +0 pair of gloves
Will     .....                  (no boots)
Stlth    ..........             (no amulet)
HPRegen  0.21/turn              c - ring of flight
MPRegen  0.11/turn              n - -4 ring of intelligence (curse)

@: marked, berserk cooldown, slowed, very slow
A: claws 1, horns 3, talons 1, spiny 1, magic shield
a: Renounce Religion, Evoke Flight, Berserk, Trog's Hand, Brothers in Arms


You were on level 9 of the Dungeon.
You worshipped Trog.
Trog was greatly pleased with you.
You visited 1 branch of the dungeon, and saw 8 of its levels.

You collected 397 gold pieces.

Inventory:

Hand Weapons
 a - a +0 falchion
 z - a +0 flail (weapon)
Armour
 b - a +0 animal skin
 i - a +2 helmet
 q - a +1 plate armour (worn)
 y - a +0 pair of gloves
 A - a +0 pair of gloves (worn)
Jewellery
 c - a ring of flight (left hand)
 n - a cursed -4 ring of intelligence (right hand)
Wands
 m - a wand of digging (6)
 w - a wand of disintegration (11)
Scrolls
 d - a scroll of amnesia
 l - 4 scrolls of teleportation
 p - a scroll of noise
Potions
 e - a potion of berserk rage
 g - a potion of curing
 h - a potion of attraction
 j - 2 potions of mutation
 k - 3 potions of flight
 o - a potion of degeneration
 t - 2 potions of brilliance
 v - a potion of magic
 x - a potion of haste


   Skills:
 + Level 6.2 Fighting
 + Level 7.6 Long Blades
 + Level 2.7 Maces & Flails
 + Level 7.0 Armour
 + Level 4.5 Dodging
 + Level 2.2 Stealth


You had 8 spell levels left.
You didn't know any spells.
Your spell library contained the following spells:

 Spells                   Type           Power        Failure   Level
 Animate Skeleton         Necr           0%           100%        1
 Pain                     Necr           0%           100%        1
 Vampiric Draining        Necr           0%           100%        3
 Animate Dead             Necr           0%           100%        4
 Agony                    Necr           0%           100%        5


Dungeon Overview and Level Annotations

Branches:
Dungeon (7/15)             Temple (0/1) D:6            Lair (0/6) D:9

Altars:
Cheibriados
Fedhas
Gozag
Hepliaklqana
Kikubaaqudgha
Nemelex Xobeh
Sif Muna
Wu Jian
Xom
Yredelemnul

Annotations:
D:9 Erolcha


Innate Abilities, Weirdness & Mutations

You have sharp fingernails.
You have a pair of large horns on your head.
You have sharp toenails.
You are partially covered in sharp spines.
When hurt, damage is shared between your health and your magic reserves.


Message History

Erolcha is struck by your spines. Erolcha barely misses you.
You hit Erolcha. You claw Erolcha!
Erolcha is severely wounded.
You hit Erolcha but do no damage. Your kick misses Erolcha.
Erolcha is severely wounded.
You are no longer berserk.
You are exhausted.
You feel yourself slow down. Erolcha is struck by your spines.
Erolcha hits you with a +0 giant club!!
* * * LOW HITPOINT WARNING * * *
Okay, then.
You hit Erolcha.
Erolcha is almost dead.
Erolcha hits you with a +0 giant club!
* * * LOW HITPOINT WARNING * * *
As you read the scroll of fog, it crumbles to dust.
The scroll dissolves into smoke.
Erolcha gestures at you while chanting. The crystal spear hits you!!
You die...

......#.........<....,..,,.######
......#..............$.,,,,,,,*,.
###..########..######.#*#***,,*..
.....#,,,,,#....#..#..#..,,,,,*##
.....#,,,,,#....#..#....P,,,,,*,,
.....#,,,,,#..|.#........,,,,,,,,
.....#,,,,,#....§.P....P.,,,,,,,,
######***..####§§§.P.....,,,,,,,,
,,,,,,,,,......§@§....PP.,,,,,,,,
,,,,,,,,,......§§O.......,,,,,,,,
,,,,,****................,,,,,,,,
,,,,,,,,,........P..P..P.,,,,,,,,
,,,,,,,,,.......P.P....>P,,,,,,,,
,,,,,****..#..P.P.P..PP..,,,,,,,,
,,,,,*,,*...............P,,,,,,,,
,,,,,*,,*,.....P..P....P.,,,,,,,,
,,,,,*,,*,,,,,,,,,,,,,,,,,,,,,,,,


You could see Erolcha.

Vanquished Creatures
  The ghost of Tocho the Slasher, a novice DrCj of Vehumet (D:6)
  The ghost of oc3rt the Bolt Thrower, a novice KoHu of Hepliaklqana (D:4)
  A troll (D:9)
  Eustachio (D:4)
  Menkaure (D:4)
  2 water moccasins (D:9)
  A phantom (D:9)
  2 black bears (D:9)
  A centaur (D:5)
  An ogre (D:4)
  4 bullfrogs
  5 scorpions
  A wight (D:9)
  2 bullfrog zombies
  4 hounds
  2 jellies (D:9)
  2 orc priests
  A bullfrog skeleton (D:6)
  6 orc wizards
  Jessica (D:3)
  A centaur skeleton (D:5)
  2 iguanas
  A worker ant (D:5)
  A hound zombie (D:5)
  A hound skeleton (D:4)
  A worker ant zombie (D:5)
  4 gnolls (D:4)
  5 adders
  A shadow imp (D:5)
  4 white imps
  2 oozes
  An adder skeleton (D:9)
  2 worms
  A dart slug (D:5)
  3 leopard geckos
  9 orcs
  4 giant cockroaches
  2 gnoll zombies (D:2)
  5 goblins
  14 hobgoblins
  4 jackals (D:6)
  4 quokkas
  5 ball pythons
  3 bats
  6 frilled lizards
  A jackal skeleton (D:5)
  7 kobolds
  A quokka skeleton (D:4)
  7 rats
142 creatures vanquished.

Vanquished Creatures (others)
  42 fungi (D:9)
  33 plants
75 creatures vanquished.

Grand Total: 217 creatures vanquished

Notes
Turn   | Place    | Note
-------+----------+-------------------------------------------
     0 | D:1      | SunnyBump the Demonspawn Berserker began the quest for the
                  | Orb.
     0 | D:1      | Reached XP level 1. HP: 18/18 MP: 1/1
   230 | D:1      | Gained mutation: When hurt, damage is shared between your
                  | health and your magic reserves. [demonic ancestry]
   230 | D:1      | Reached XP level 2. HP: 22/24 MP: 2/2
  1155 | D:1      | You fall into a shaft and drop 1 floor!
  1155 | D:2      | Found an opulent altar of Gozag.
  1155 | D:2      | Found a sparkling altar of Nemelex Xobeh.
  1178 | D:2      | Gained mutation: You have sharp toenails. [demonic
                  | ancestry]
  1178 | D:2      | Reached XP level 3. HP: 18/29 MP: 3/3
  1737 | D:2      | Found a basalt altar of Yredelemnul.
  1864 | D:2      | Reached ** piety under Trog
  1865 | D:2      | Found an ancient bone altar of Kikubaaqudgha.
  2454 | D:3      | Reached XP level 4. HP: 15/35 MP: 2/4
  3253 | D:3      | Found a blossoming altar of Fedhas.
  3262 | D:3      | Noticed Jessica
  3601 | D:3      | Killed Jessica
  3783 | D:4      | Reached skill level 1 in Stealth
  3783 | D:4      | Gained mutation: You have sharp fingernails. [demonic
                  | ancestry]
  3783 | D:4      | Reached XP level 5. HP: 42/42 MP: 5/5
  3884 | D:4      | Found a shimmering blue altar of Sif Muna.
  3937 | D:4      | Found a runed translucent door.
  3948 | D:4      | Noticed oc3rt's ghost (novice KoHu)
  3959 | D:4      | Killed oc3rt's ghost
  3960 | D:4      | Reached skill level 5 in Long Blades
  3960 | D:4      | Gained mutation: You have a pair of small horns on your
                  | head. [demonic ancestry]
  3960 | D:4      | Reached XP level 6. HP: 48/48 MP: 6/6
  4033 | D:4      | Found an ornate altar of the Wu Jian Council.
  4495 | D:4      | Gained mutation: You are partially covered in sharp spines.
                  | [demonic ancestry]
  4495 | D:4      | Reached XP level 7. HP: 26/55 MP: 3/7
  5547 | D:4      | Noticed Eustachio
  5550 | D:4      | Reached *** piety under Trog
  5561 | D:4      | Killed Eustachio
  5679 | D:4      | Found a hazy altar of Hepliaklqana.
  5732 | D:4      | Noticed Menkaure
  5736 | D:4      | Killed Menkaure
  5928 | D:5      | Entered Level 5 of the Dungeon
  6196 | D:5      | Reached skill level 5 in Fighting
  6196 | D:5      | Gained mutation: You have a pair of horns on your head.
                  | [demonic ancestry]
  6196 | D:5      | Reached XP level 8. HP: 62/62 MP: 8/8
  7922 | D:6      | Found a staircase to the Ecumenical Temple.
  8116 | D:6      | Found a runed translucent door.
  8116 | D:6      | Noticed Tocho's ghost (novice DrCj)
  8171 | D:6      | Killed Tocho's ghost
  8172 | D:6      | Reached skill level 5 in Armour
  9422 | D:7      | Found a shimmering altar of Xom.
  9632 | D:7      | You fall into a shaft and drop 2 floors!
  9721 | D:9      | Found a snail-covered altar of Cheibriados.
  9778 | D:9      | Gained mutation: You have a pair of large horns on your
                  | head. [demonic ancestry]
  9778 | D:9      | Reached XP level 9. HP: 69/69 MP: 9/9
  9868 | D:9      | Reached **** piety under Trog
  9952 | D:9      | Reached skill level 1 in Maces & Flails
 10103 | D:9      | Found a staircase to the Lair.
 10104 | D:9      | Noticed a troll
 10111 | D:9      | Killed a troll
 10112 | D:9      | Noticed Erolcha
 10128 | D:9      | Killed from afar by Erolcha

Illustrated notes

Levels and vault maps discovered:
D:1:      dpeg_arrival_radiant, layout_loops_ring,
          chequers_serial_rivers_micro_b, minmay_pentomino_t4
D:2:      layout_rooms, grunt_temple_overflow_opulence,
          lemuel_zombie_altar_yredelemnul, lemuel_coloured_pillars_altar
D:3:      layout_rooms, fedhas_ov_isle_minmay, saegor_snake_ambush, uniq_jessica
D:4:      layout_loops_corners, kennysheep_little_box, general_overflow_altar,
          lemuel_blue_sif_altar, ebering_ghost_reflecting_pool,
          due_unseen_surprise, uniq_eustachio, uniq_menkaure
D:5:      layout_loops_ring
D:6:      layout_basic, temple_statues, hellmonk_ghost_happy_afterlife,
          minmay_door_square, corexii_item_surrounded_by_moat
D:7:      layout_basic, nicolae_overflow_crystal_walls, interstate_on_off,
          grunt_dithmenos_smoke, uniq_maggie
D:9:      layout_grid_maze, cheibriados_altar_1, due_lair_maze_entry_diamond,
          uniq_erolcha

Skill      XL: |  1  2  3  4  5  6  7  8  9 |
---------------+----------------------------+-----
Long Blades    | 3 4 5 6 7 |  7.6
Dodging        | 2 3 4 |  4.5
Stealth        | 1 2 |  2.2
Fighting       | 4 5 6 |  6.2
Armour         | 2 5 7 |  7.0
Maces & Flails | 2 |  2.7

Action                   |  1- 3 |  4- 6 |  7- 9 || total
-------------------------+-------+-------+-------++-------
Melee: Falchion          |    98 |    69 |   123 ||   290
       Kick              |    17 |    19 |    54 ||    90
       Headbutt          |       |     8 |    38 ||    46
       Flail             |       |       |    58 ||    58
Invok: Berserk           |     7 |     6 |     9 ||    22
  Use: Scroll            |       |    12 |    10 ||    22
 Stab: Sleeping          |     1 |       |       ||     1
Armor: Animal skin       |    21 |    17 |       ||    38
       Plate armour      |       |    17 |   141 ||   158
Dodge: Dodged            |    78 |    62 |    70 ||   210
       Rpst.: Falchion   |    28 |    23 |     7 ||    58
